 Dungeon Crawl Stone Soup version 0.31.0-11-ge490571c62 (webtiles) character file.

Game seed: 17092634020058753587

42 Daunt the Sneak (level 3, 0/29 HPs)
             Began as a Human Delver on Jan 28, 2024.
             Slain by an orc
             ... wielding a +0 flail
              (4 damage)
             ... on level 4 of the Dungeon.
             The game lasted 00:01:54 (149 turns).

Daunt the Sneak (Human Delver)                       Turns: 149, Time: 00:01:55

Health: 0/29       AC:  4    Str: 12    XL:     3   Next: 56%
Magic:  3/3        EV: 12    Int: 10    God:
Gold:   0          SH:  0    Dex: 19    Spells: 2/2 levels left

rFire   . . .        h - +2 rapier "Fotelup" {heavy, ^Fragile rN+ Dex+3}
rCold   . . .        (no shield)
rNeg    + . .        b - +0 leather armour
rPois   .            d - +0 helmet
rElec   .            (no cloak)
rCorr   .            (no gloves)
SInv    .            (no boots)
Will    .....        (no amulet)
Stlth   +++          j - +4 ring of slaying
HPRegen 0.24/turn    (no ring)
MPRegen 0.08/turn

%: no passive effects
@: no status effects
A: explore regen
a: no special abilities


You were on level 4 of the Dungeon.
You visited 1 branch of the dungeon, and saw 3 of its levels.

Inventory:

Hand Weapons
 a - a +0 falchion
 h - the +2 rapier "Fotelup" (weapon) {heavy, ^Fragile rN+ Dex+3}
   (You found it on level 5 of the Dungeon)

   Dex+3:     It affects your dexterity (+3).
   rN+:       It protects you from negative energy.
   ^Fragile:  It will be destroyed if unequipped.
Missiles
 i - 9 stones (quivered)
 l - 6 poisoned darts
Armour
 b - a +0 leather armour (worn)
 d - a +0 helmet (worn)
Jewellery
 j - a +4 ring of slaying (left hand)
Wands
 g - a wand of digging (3)
Scrolls
 c - 2 scrolls of fog
 e - a scroll of fear
 m - a scroll of revelation
Potions
 f - 2 potions of haste
 k - a potion of enlightenment {unknown}


   Skills:
 - Level 3.0 Fighting
 + Level 3.1(3.4) Short Blades
 - Level 2.0(2.8) Long Blades
 - Level 2.0 Dodging
 - Level 5.0 Stealth


You had 2 spell levels left.
You didn't know any spells.
Your spell library was empty.

Dungeon Overview and Level Annotations

Branches:
Dungeon (5/15)
 Temple: D:4-7

Altars:


Innate Abilities, Weirdness & Mutations

You regain HP and MP as you explore.


Message History

Unknown command.
You can't go up here!
Unknown command.
Unknown command.
The orc misses you.
The orc priest hits you with a +0 flail.
The orc hits you but does no damage.
You climb downwards.
There is a stone staircase leading up here.
Unknown command.
Unknown command.
Unknown command.
You hit the orc priest.
The orc priest is moderately wounded.
The orc barely misses you.
The orc priest hits you with a +0 flail!
The orc misses you.
Unknown command.
Unknown command.
You impale the orc priest!!
You kill the orc priest!
The orc hits you but does no damage. The orc hits you with a +0 flail.
The orc closely misses you. The orc barely misses you.
Your Short Blades skill gained 2 levels and is now at level 3!
You have reached level 3!
Your experience leads to an increase in your attributes!
Your base attributes are Str 12, Int 10, Dex 14.
Increase (S)trength, (I)ntelligence, or (D)exterity?
You feel agile. x2
You puncture the orc!
You kill the orc!
The orc hits you with a +0 flail!
* * * LOW HITPOINT WARNING * * *
Unknown command.
Unknown command.
Unknown command.
You hit the orc.
The orc is heavily wounded.
The orc hits you with a +0 flail.
You die...

..... ....##..### #.#. .
.... ........####...
.......## #.#..#.......#
.... .... ###.............
..... ..####...............
......#.##.....##..........
......#.##.#.####.###......
##............##.# ##....[
#.........@).#....# #...>.
#........o)######## ######
..........## #.........#
#.........# #.........#
###########


You could see an orc.

Vanquished Creatures
  An orc priest (D:4)
  An adder (D:5)
  An orc (D:4)
  A ball python (D:4)
  A hobgoblin (D:4)
5 creatures vanquished.

Notes
Turn   | Place    | Note
-------+----------+-------------------------------------------
     0 | D:5      | Daunt the Human Delver began the quest for the Orb.
     0 | D:5      | Reached XP level 1. HP: 18/18 MP: 1/1
    19 | D:5      | Identified the +2 rapier "Fotelup" {heavy, ^Fragile rN+
                  | Dex+3}
    34 | D:5      | Noticed a scorpion
    59 | D:5      | Noticed a black bear
    86 | D:5      | Noticed a water moccasin
   105 | D:5      | Reached skill level 1 in Short Blades
   105 | D:5      | Reached XP level 2. HP: 24/24 MP: 2/2
   148 | D:4      | Reached XP level 3. HP: 12/29 MP: 3/3
   149 | D:4      | Slain by an orc

Illustrated notes

Levels and vault maps discovered:
D:3:      layout_basic, ebering_ghost_gozag
D:4:      layout_rooms, marbit_many_paths, minmay_temple_entry_offerings,
          ebering_ghost_inner_flame, uniq_duvessa
D:5:      layout_rooms, nzn_wu_jian_contemplation, nicolae_specific_store

Skill      XL: |  1  2 |
---------------+-------+-----
Short Blades   | 1 3 |  3.1
Fighting       | |  3.0
Long Blades    | |  2.0
Dodging        | |  2.0
Stealth        | |  5.0

Action                     || total
---------------------------++-------
  Melee: Rapier            ||     7
    Use: Scroll            ||     1
 Armour: Leather armour    ||     7
  Dodge: Dodged            ||     7
